 Dungeon Crawl Stone Soup version 0.30.0-18-gc0e69614cb (webtiles) character file.

Game seed: 15850910945976850337

108356 olmar the Tortoise (level 16, -21/150 HPs)
             Began as an Armataur Fighter on May 24, 2023.
             Was an Initiate of Gozag.
             Demolished by a +2 dire flail of protection (26 damage)
             ... animated by Zenata
             ... on level 1 of the Elven Halls on May 25, 2023.
             The game lasted 00:42:36 (25141 turns).

olmar the Tortoise (Armataur Fighter)              Turns: 25141, Time: 00:42:37

Health: -21/150    AC: 27    Str: 29    XL:     16   Next: 2%
Magic:  16/16      EV:  5    Int: 10    God:    Gozag
Gold:   1602       SH:  7    Dex: 12    Spells: 15/15 levels left

rFire   . . .        M - +4 morningstar "Weepeuk" {heavy, rC++}
rCold   + + +        X - +0 buckler {rC+}
rNeg    + + +        Y - +1 crystal plate armour {rC+}
rPois   .            W - +0 hat {SInv}
rElec   .            i - +0 cloak
rCorr   +            o - +1 pair of gloves of Reason {rN+++ Will+ Str-2}
SInv    +            (no barding)
Will    +++..        D - amulet of regeneration Stlth
                     d - ring of Okawaru's Outrage {rCorr Str+4 Int+3}
HPRegen 1.25/turn    I - ring of willpower
MPRegen 0.15/turn

%: roll
@: no status effects
A: large, rugged brown scales 3, deformed body, armoured tail, roll, long
tongue, awkward tongue, dopey 1, mutation resistance 1, shaggy fur 1
a: Renounce Religion, Potion Petition, Call Merchant, Bribe Branch


You were on level 1 of the Elven Halls.
You worshipped Gozag.
Gozag was most pleased with you.
You visited 5 branches of the dungeon, and saw 23 of its levels.
You also visited: Gauntlet, Ice Cave and Volcano.

You collected 7648 gold pieces.
You spent 869 gold pieces at shops.
You paid 5177 gold pieces to Gozag.

Inventory:

Hand Weapons
 e - a +0 demon whip of flaming
 h - the +5 whip of the Realm of Zot {freeze, *Rage rPois rF+ rN+}
   (You found it on level 6 of the Dungeon)

   rF:        It protects you from fire.
   rPois:     It protects you from poison.
   rN:        It protects you from negative energy.
   *Rage:     It berserks you when you make melee attacks (+20% chance).
 n - a +2 flail of freezing
 t - a +1 mace of holy wrath
 M - the +4 morningstar "Weepeuk" (weapon) {heavy, rC++}
   (You bought it in a shop on level 5 of the Lair of Beasts)

   rC:        It greatly protects you from cold.
Missiles
 a - 2 curare-tipped darts (quivered)
 m - 45 poisoned darts
 H - 5 javelins
Armour
 i - a +0 cloak (worn)
 o - the +1 pair of gloves of Reason (worn) {rN+++ Will+ Str-2}
   (You found it in a Gauntlet)

   Str:       It affects your strength (-2).
   rN:        It renders you almost immune to negative energy.
   Will:      It increases your willpower.
 r - a +3 plate armour of fire resistance
 W - a +0 hat of see invisible (worn)
 X - a +0 buckler of cold resistance (worn)
 Y - a +1 crystal plate armour of cold resistance (worn)
Jewellery
 d - the ring of Okawaru's Outrage (left hand) {rCorr Str+4 Int+3}
   (You found it in a Gauntlet)

   [ring of resist corrosion]

   Str:       It affects your strength (+4).
   Int:       It affects your intelligence (+3).
   rCorr:     It protects you from acid and corrosion.
 B - a ring of poison resistance
 D - an amulet of regeneration (around neck)
 F - a ring of positive energy
 I - a ring of willpower (right hand)
Wands
 b - a wand of flame (57)
 q - a wand of paralysis (16)
 z - a wand of light (17)
 A - a wand of digging (7)
 K - a wand of iceblast (31)
 S - a wand of polymorph (15)
 V - a wand of mindburst (8)
Scrolls
 g - 6 scrolls of blinking
 j - 8 scrolls of noise
 k - 2 scrolls of magic mapping
 l - 10 scrolls of poison
 p - 7 scrolls of fear
 s - 12 scrolls of identify
 w - 5 scrolls of enchant weapon
 x - a scroll of silence
 J - 2 scrolls of enchant armour
 L - 2 scrolls of fog
Potions
 c - a potion of cancellation
 f - 10 potions of curing
 v - a potion of mutation
 C - 3 potions of brilliance
 E - 6 potions of haste
 G - 5 potions of magic
 P - 2 potions of lignification
 R - 2 potions of flight
 T - 4 potions of might
 U - a potion of resistance
 Z - 3 potions of heal wounds
Miscellaneous
 y - a piece from Xom's chessboard (15/15)


   Skills:
 + Level 12.4 Fighting
 + Level 14.3 Maces & Flails
 - Level 1.0 Throwing
 + Level 17.6 Armour
 - Level 0.7 Dodging
 + Level 9.2 Stealth
 + Level 14.8 Shields
 + Level 2.4 Evocations


You had 15 spell levels left.
You didn't know any spells.
Your spell library contained the following spells:

 Spells                   Type           Power      Damage    Failure   Level
 Necrotise                Necr           0%         1d4       99%         1
 Shock                    Conj/Air       0%         1d3       99%         1
 Slow                     Hex            0%         N/A       99%         1
 Cigotuvi's Dreadful Rot  Necr/Pois/Air  0%         N/A       100%        2
 Poisonous Vapours        Pois/Air       0%         N/A       100%        2
 Sublimation of Blood     Necr           0%         N/A       100%        2
 Confusing Touch          Hex            0%         N/A       100%        3
 Dazzling Flash           Conj/Hex       0%         N/A       100%        3
 Gell's Gravitas          Tloc           0%         N/A       100%        3
 Hailstorm                Conj/Ice       0%         3d3       100%        3
 Ignite Poison            Fire/Tmut/Pois 0%         N/A       100%        3
 Mephitic Cloud           Conj/Pois/Air  0%         N/A       100%        3
 Ozocubu's Armour         Ice            0%         N/A       100%        3
 Portal Projectile        Hex/Tloc       0%         N/A       100%        3
 Swiftness                Air            0%         N/A       100%        3
 Teleport Other           Tloc           0%         N/A       100%        3
 Tukima's Dance           Hex            0%         N/A       100%        3
 Vampiric Draining        Necr           0%         2d6       100%        3
 Airstrike                Air            0%         2d(0-16)  100%        4
 Anguish                  Hex/Necr       0%         N/A       100%        4
 Cause Fear               Hex            0%         N/A       100%        4
 Ice Form                 Ice/Tmut       0%         N/A       100%        4
 Petrify                  Tmut/Erth      0%         N/A       100%        4
 Sticky Flame             Conj/Fire      0%         2d3       100%        4
 Agony                    Necr           0%         N/A       100%        5
 Blade Hands              Tmut           0%         N/A       100%        5
 Freezing Cloud           Conj/Ice/Air   0%         6-21      100%        5
 Irradiate                Conj/Tmut      0%         3d11      100%        5
 Silence                  Hex/Air        0%         N/A       100%        5
 Dispersal                Tloc           0%         N/A       100%        6
 Enfeeble                 Hex            0%         N/A       100%        7
 Ozocubu's Refrigeration  Ice            0%         4d7       100%        7
 Ignition                 Fire           0%         3d3       100%        8
 Polar Vortex             Ice            0%         N/A       100%        9
 Simulacrum               Ice/Necr       Unusable   N/A       N/A         6

Dungeon Overview and Level Annotations

Branches:
Dungeon (14/15)            Temple (1/1) D:7            Lair (5/5) D:11
  Swamp (0/4) Lair:2       Spider (0/4) Lair:3        Slime (0/5) Lair:4
    Orc (2/2) D:11            Elf (1/3) Orc:2        Vaults (0/5) D:13
  IceCv (visited)         Volcano (visited)         Gauntlet (visited)

Altars:
Ashenzari
Cheibriados
Dithmenos
Elyvilon
Fedhas
Gozag
Hepliaklqana
Kikubaaqudgha
Makhleb
Nemelex Xobeh
Okawaru
Qazlal
Ru
Sif Muna
Trog
Uskayaw
Vehumet
Wu Jian
Xom
Yredelemnul
Zin
The Shining One

Shops:
D:3 *   D:5 !   D:7 ?   D:12 [   Orc:1 (   Orc:2 (*==:[   Lair:5 (

Portals:
Hell: Lair:5

Annotations:
D:4 2 runed translucent doors, Runnerthe2's ghost, amateur OpTm
D:13 2 transporters, olmar's ghost, journeyman NaFi
Lair:4 1 runed translucent door
Lair:5 3 runed translucent doors, Vig Uhad's ghost, journeyman OpTm
Elf:1 Zenata


Innate Abilities, Weirdness & Mutations

You are completely covered in rugged brown scales. (AC +3, +7% HP)
Armour fits poorly on your strangely shaped body.
You have a long armoured tail.
You roll when moving toward enemies. (Rampage)
Your long tongue fully drains potion bottles. (2x potion effects)
Your tongue gives you trouble enunciating. (1.5x scroll delay)
You are dopey. (Int -2)
You are somewhat resistant to further mutation.
You are covered in fur. (AC +1)


Message History

The +2 dire flail of protection attacks as you move away!
You block the +2 dire flail of protection's attack.
The +2 dire flail of protection hits you!
The +1 halberd of flaming hits you from afar.
The +1 halberd of flaming burns you.
The +2 dire flail of protection hits you!
Strange mechanisms whir as Zenata focuses on you.
Unknown command.
Unknown command.
The +2 dire flail of protection hits you!
Zenata screams, "I nearly understand...
Get out of my way!"
Unknown command.
Unknown command.
You block the +2 dire flail of protection's attack.
The +1 halberd of flaming hits you from afar!
The +1 halberd of flaming burns you.
Strange mechanisms whir as Zenata focuses on you.
Zenata casts a spell at you.
A blast of power from the earth and the +2 dire flail of protection strikes you!
The +2 dire flail of protection hits you but does no damage.
The +1 halberd of flaming hits you from afar.
The +1 halberd of flaming burns you.
The +2 dire flail of protection hits you.
* * * LOW HITPOINT WARNING * * *
Zenata points at you and mumbles some strange words.
A blast of power from the earth and the +2 dire flail of protection strikes you!
* * * LOW HITPOINT WARNING * * *
Blink to where?
Press: ? - help, Dir - move target As you slowly read the scroll of blinking, it crumbles to dust.
The +1 halberd of flaming hits you from afar!
* * * LOW HITPOINT WARNING * * *
The +1 halberd of flaming burns you.
* * * LOW HITPOINT WARNING * * *
Unknown command.
The +2 dire flail of protection hits you!
* * * LOW HITPOINT WARNING * * *
The +2 dire flail of protection hits you!!
You die...
Your body crumbles into a pile of gold.

#############
###...........###
##...............##
#.....8....)8.....#
#........@........#
#.......8(8.......#
#.........(.......#
#.8.).....ยง.....8.#
#.................# (.
##....8.....8....##..#
###...........### a.##
##.###.###.## #...
#......# #..###..#.#


You could see 2 dancing weapons.

Vanquished Creatures
  Gastronok (Lair:2)
  A frost giant (IceCv)
  An orc warlord (Orc:2)
  An ironbound preserver (D:13)
  Nessos (D:13)
  A deep elf demonologist (Orc:2)
  A minotaur (Gauntlet)
  A salamander tyrant (D:13)
  A catoblepas (Lair:5)
  2 boulder beetles
  A death knight (D:14)
  3 centaur warriors
  3 dancing weapons
  7 hydras
  10 two-headed ogres
  A death yak (IceCv)
  3 tengu warriors
  4 orc high priests
  A deep elf knight (Orc:2)
  3 skeletal warriors (D:14)
  A sixfirhy (Lair:5)
  2 salamander mystics (D:13)
  A phantasmal warrior (D:14)
  3 orc knights
  4 lindwurms (Lair:2)
  3 deep elf pyromancers
  A wizard (Lair:5)
  A will-o-the-wisp (Lair:2)
  5 salamanders
  8 deep elf zephyrmancers
  2 orc sorcerers (Orc:2)
  A shining eye (shapeshifter) (D:14)
  4 manticores
  2 ugly things
  6 cyclopes
  A worldbinder (Gauntlet)
  14 elephants
  An apocalypse crab (Gauntlet)
  A smoke demon (Lair:5)
  4 black mambas
  An ice statue (IceCv)
  4 gargoyles
  16 cane toads
  An eye of devastation (shapeshifter) (D:13)
  An unseen horror (D:13)
  An efreet (D:13)
  6 komodo dragons
  10 rime drakes
  4 kobold demonologists (D:11)
  5 ice devils (Lair:5)
  A freezing wraith (D:14)
  2 tengu conjurers (D:13)
  8 trolls
  11 polar bears
  18 blink frogs
  7 dream sheep (Lair:5)
  18 slime creatures
  A vampire (D:9)
  5 centaur simulacra
  A shadow (D:12)
  5 wyverns
  67 yaks
  3 wraiths
  4 fire bats
  A basilisk (Lair:2)
  2 steam dragons
  A redback simulacrum (D:14)
  3 wargs
  17 water moccasins
  7 hell hounds
  An acid dragon (D:8)
  2 swamp drakes (Lair:5)
  9 ogres
  An ice beast (D:7)
  27 orc warriors
  3 sky beasts
  7 black bears
  51 wolves
  10 centaurs
  2 boggarts (Gauntlet)
  A phantom (D:6)
  11 bullfrogs
  3 kobold brigands (D:11)
  2 gnoll sergeants
  4 scorpions
  A cane toad simulacrum (Lair:4)
  5 wights
  15 killer bees
  4 howler monkeys
  An electric eel (Lair:5)
  A crimson imp (D:7)
  A jelly (D:4)
  2 gnoll boudas
  A wyvern simulacrum (Gauntlet)
  4 hounds
  10 orc priests
  4 hell rats (Lair:4)
  5 iguanas
  23 orc wizards
  Terence (D:2)
  A polar bear simulacrum (Lair:4)
  A wolf simulacrum (Lair:4)
  7 adders
  16 gnolls
  A shadow imp (D:5)
  3 white imps
  2 ufetubi
  2 worms
  62 orcs
  4 endoplasms
  5 giant cockroaches
  6 goblins
  8 hobgoblins
  A jackal (D:2)
  6 quokkas
  5 ball pythons
  3 bats
  19 kobolds
  7 rats
714 creatures vanquished.

Vanquished Creatures (others)
  A polar bear (IceCv)
  An orc wizard (D:13)
  8 foxfires (Lair:2)
10 creatures vanquished.

Grand Total: 724 creatures vanquished

Notes
Turn   | Place    | Note
-------+----------+-------------------------------------------
     0 | D:1      | olmar the Armataur Fighter began the quest for the Orb.
     0 | D:1      | Reached XP level 1. HP: 19/19 MP: 1/1
   392 | D:1      | Reached XP level 2. HP: 26/26 MP: 2/2
   814 | D:2      | Reached skill level 4 in Armour
   821 | D:2      | Reached XP level 3. HP: 18/33 MP: 3/3
  1043 | D:2      | Noticed Terence
  1054 | D:2      | Killed Terence
  1215 | D:2      | Reached XP level 4. HP: 40/40 MP: 4/4
  1580 | D:3      | Reached skill level 1 in Stealth
  2110 | D:3      | Found Cuapraib's Assorted Antiques.
  2118 | D:3      | Bought a small emerald amulet for 145 gold pieces
  2178 | D:3      | Reached XP level 5. HP: 48/48 MP: 5/5
  2224 | D:3      | Noticed a water moccasin
  2236 | D:3      | Killed a water moccasin
  2475 | D:4      | Noticed a black bear
  2482 | D:4      | Killed a black bear
  2483 | D:4      | Reached skill level 5 in Armour
  2483 | D:4      | Reached XP level 6. HP: 54/54 MP: 6/6
  2541 | D:4      | Found a large runed translucent door.
  2548 | D:4      | Found a large runed translucent door.
  2549 | D:4      | Noticed Runnerthe2's ghost (amateur OpTm)
  3044 | D:5      | Entered Level 5 of the Dungeon
  3170 | D:5      | Found Gaco's Distillery.
  3175 | D:5      | Reached XP level 7. HP: 62/62 MP: 7/7
  3203 | D:5      | Found a bloodstained altar of Trog.
  3275 | D:5      | Reached skill level 5 in Shields
  3443 | D:5      | Reached skill level 6 in Armour
  3528 | D:5      | Reached skill level 5 in Maces & Flails
  3528 | D:5      | Reached XP level 8. HP: 69/70 MP: 8/8
  3780 | D:5      | Found a hazy altar of Hepliaklqana.
  4143 | D:5      | HP: 2/69 [iguana (6)]
  4145 | D:5      | Reached skill level 7 in Armour
  4305 | D:5      | Gained mutation: You are dopey. (Int -2) [potion of
                  | mutation]
  4305 | D:5      | Gained mutation: You are covered in fur. (AC +1) [potion of
                  | mutation]
  4305 | D:5      | Gained mutation: You are somewhat resistant to further
                  | mutation. [potion of mutation]
  4326 | D:5      | Reached skill level 1 in Evocations
  4500 | D:6      | Reached skill level 5 in Stealth
  4500 | D:6      | Reached XP level 9. HP: 78/78 MP: 9/9
  4591 | D:6      | Reached skill level 5 in Fighting
  4591 | D:6      | Reached skill level 8 in Armour
  4903 | D:6      | Identified the +5 whip of the Realm of Zot {freeze, *Rage
                  | rPois rF+ rN+}
  5321 | D:7      | Found a staircase to the Ecumenical Temple.
  5341 | Temple   | Entered the Ecumenical Temple
  5566 | D:7      | Found Kuocit's Magic Scroll Shop.
  5740 | D:7      | Noticed a troll
  5752 | D:7      | Killed a troll
  5883 | D:7      | Found a sparkling altar of Nemelex Xobeh.
  6613 | D:8      | Reached XP level 10. HP: 88/88 MP: 10/10
  6614 | D:8      | Reached skill level 9 in Armour
  7162 | D:9      | Found an ornate altar of the Wu Jian Council.
  7276 | D:9      | Found a radiant altar of Vehumet.
  7302 | D:9      | Found a sacrificial altar of Ru.
  7436 | D:9      | Found a shimmering altar of Xom.
  7765 | D:9      | Found a glowing silver altar of Zin.
  7765 | D:9      | Found an opulent altar of Gozag.
  7781 | D:9      | Became a worshipper of Gozag Ym Sagoz the Greedy
  7800 | D:10     | Entered Level 10 of the Dungeon
  7942 | D:10     | Reached skill level 10 in Armour
  8080 | D:10     | Noticed a two-headed ogre
  8087 | D:10     | Killed a two-headed ogre
  8088 | D:10     | Reached skill level 1 in Throwing
  8088 | D:10     | Reached XP level 11. HP: 97/97 MP: 11/11
  8326 | D:10     | Noticed a two-headed ogre
  8337 | D:10     | Killed a two-headed ogre
  8344 | D:10     | Reached skill level 11 in Armour
  8647 | D:10     | Found an iron altar of Okawaru.
  8756 | D:11     | Found a staircase to the Orcish Mines.
  8777 | D:11     | Noticed a two-headed ogre
  8783 | D:11     | Killed a two-headed ogre
  8784 | D:11     | Reached skill level 10 in Maces & Flails
  9307 | D:11     | Noticed a tengu warrior
  9314 | D:11     | Reached skill level 12 in Armour
  9314 | D:11     | Found a staircase to the Lair.
  9363 | D:11     | Killed a tengu warrior
  9575 | D:11     | Noticed a sun demon
  9767 | Orc:1    | Entered Level 1 of the Orcish Mines
  9790 | Orc:1    | Found a dark tunnel.
  9800 | Volcano  | Entered a volcano
  9868 | Volcano  | Noticed a two-headed ogre
  9879 | Volcano  | Killed a two-headed ogre
  9880 | Volcano  | Reached XP level 12. HP: 108/108 MP: 12/12
  9966 | Volcano  | Noticed a two-headed ogre
  9973 | Volcano  | Killed a two-headed ogre
 10394 | Orc:2    | Entered Level 2 of the Orcish Mines
 10457 | Orc:2    | Noticed an orc high priest
 10582 | Lair:1   | Entered Level 1 of the Lair of Beasts
 10707 | D:11     | Reached skill level 10 in Shields
 11006 | D:12     | Reached skill level 13 in Armour
 11181 | D:12     | Noticed a two-headed ogre
 11198 | D:12     | Killed a two-headed ogre
 11268 | D:12     | Found Qeituifeb's Armour Shoppe.
 11284 | D:12     | Noticed a boulder beetle
 11297 | D:12     | Killed a boulder beetle
 11310 | D:12     | Found a hide-covered altar of Uskayaw.
 12485 | D:13     | Reached XP level 13. HP: 115/115 MP: 13/13
 12622 | D:13     | Noticed olmar's ghost (journeyman NaFi)
 12847 | D:13     | Found a transporter.
 12992 | D:13     | Found the +3 salamander hide armour {Flames, rFlCloud rF++
                  | rC--}
 13007 | D:13     | Reached skill level 14 in Armour
 13066 | D:13     | Found a transporter.
 13124 | D:13     | Noticed an ironbound preserver
 13148 | D:13     | Found a gate to the Vaults.
 13170 | D:13     | Killed an ironbound preserver
 13410 | D:13     | Noticed Nessos
 13432 | D:13     | Killed Nessos
 14498 | D:14     | Reached skill level 10 in Fighting
 14561 | D:14     | Reached XP level 14. HP: 124/129 MP: 14/14
 15441 | Orc:2    | Reached skill level 15 in Armour
 15450 | Orc:2    | Found Luuwett's Book Shoppe.
 15829 | Orc:2    | Found a staircase to the Elven Halls.
 15904 | Orc:2    | Found Obeikhaxt's Antique Weapon Shoppe.
 15972 | Orc:2    | Found Uxtygrel's General Store.
 15980 | Orc:2    | Bought a scroll of fog for 60 gold pieces
 15980 | Orc:2    | Bought 2 scrolls of poison for 120 gold pieces
 15980 | Orc:2    | Bought a scroll of poison for 60 gold pieces
 15980 | Orc:2    | Bought a wand of flame (7) for 73 gold pieces
 15980 | Orc:2    | Bought a potion of might for 60 gold pieces
 16033 | Orc:2    | Noticed an orc warlord
 16073 | Orc:2    | Killed an orc warlord
 16167 | Orc:2    | Found Veufam's Antique Armour Emporium.
 16193 | Orc:2    | Paralysed by an orc sorcerer for 5 turns
 16865 | Elf:1    | Entered Level 1 of the Elven Halls
 17759 | Lair:2   | Found a staircase to the Swamp.
 18223 | Lair:2   | Noticed Gastronok
 18739 | Lair:2   | Killed Gastronok
 19117 | Lair:3   | Found a hole to the Spider Nest.
 19479 | Lair:3   | Reached skill level 16 in Armour
 19982 | Lair:4   | Found a frozen archway.
 20036 | IceCv    | Entered an ice cave
 20147 | IceCv    | Identified the +4 shortbow of Unikuy {speed, rF- rC+ Str+3
                  | SInv}
 20281 | IceCv    | Reached XP level 15. HP: 139/139 MP: 15/15
 20478 | IceCv    | Noticed a frost giant
 20521 | IceCv    | Killed a frost giant
 21137 | Lair:4   | Found a runed translucent door.
 21140 | Lair:4   | Found a staircase to the Slime Pits.
 21140 | Lair:4   | Noticed an acid blob
 21859 | Lair:5   | Entered Level 5 of the Lair of Beasts
 21985 | Lair:5   | Found a gate leading to a gauntlet.
 22000 | Gauntlet | Entered a Gauntlet
 22000 | Gauntlet | Found a transporter.
 22000 | Gauntlet | Found a transporter.
 22025 | Gauntlet | Found a transporter.
 22025 | Gauntlet | Found a transporter.
 22038 | Gauntlet | Found a transporter.
 22056 | Gauntlet | Found a transporter.
 22060 | Gauntlet | Found a large runed translucent door.
 22061 | Gauntlet | Found a large runed translucent door.
 22062 | Gauntlet | Found a large runed translucent door.
 22062 | Gauntlet | Found a large runed translucent door.
 22062 | Gauntlet | Found a large runed translucent door.
 22063 | Gauntlet | Found a runed translucent door.
 22075 | Gauntlet | Found a transporter.
 22085 | Gauntlet | Found a transporter.
 22085 | Gauntlet | Found a transporter.
 22088 | Gauntlet | Found a transporter.
 22090 | Gauntlet | Found a large runed translucent door.
 22091 | Gauntlet | Found a large runed translucent door.
 22093 | Gauntlet | Found a runed translucent gate.
 22104 | Gauntlet | Found a transporter.
 22114 | Gauntlet | Found a transporter.
 22187 | Gauntlet | Found a transporter.
 22207 | Gauntlet | Found a transporter.
 22323 | Gauntlet | Found a transporter.
 22325 | Gauntlet | Found a large runed translucent door.
 22326 | Gauntlet | Found a large runed translucent door.
 22327 | Gauntlet | Found a runed translucent door.
 22327 | Gauntlet | Found a large runed translucent door.
 22327 | Gauntlet | Found a large runed translucent door.
 22328 | Gauntlet | Found a large runed translucent door.
 22331 | Gauntlet | Found a large runed translucent door.
 22331 | Gauntlet | Found a large runed translucent door.
 22332 | Gauntlet | Found a large runed translucent door.
 22332 | Gauntlet | Found a large runed translucent door.
 22336 | Gauntlet | Found a runed translucent gate.
 22336 | Gauntlet | Found a runed translucent gate.
 22338 | Gauntlet | Found a transporter.
 22411 | Gauntlet | Identified the ring of Okawaru's Outrage {rCorr Str+4
                  | Int+3}
 22527 | Gauntlet | Identified the +1 pair of gloves of Reason {rN+++ Will+
                  | Str-2}
 22978 | Lair:5   | Found a runed translucent gate.
 22979 | Lair:5   | Found a runed translucent gate.
 22980 | Lair:5   | Found a runed translucent gate.
 22981 | Lair:5   | Noticed Vig Uhad's ghost (journeyman OpTm)
 23056 | Lair:5   | Reached skill level 17 in Armour
 23661 | Lair:5   | Found a burning altar of Makhleb.
 24320 | Lair:5   | Found a gateway to Hell.
 24435 | Lair:5   | Bought a shimmering morningstar for 351 gold pieces
 24435 | Lair:5   | Identified the +4 morningstar "Weepeuk" {heavy, rC++} (You
                  | bought it in a shop on level 5 of the Lair of Beasts)
 25031 | Orc:2    | Reached XP level 16. HP: 143/150 MP: 16/16
 25130 | Elf:1    | Noticed Zenata
 25141 | Elf:1    | HP: 5/150 [+2 dire flail of protection[Zenata] (9)]
 25141 | Elf:1    | Demolished by a +2 dire flail of protection

Illustrated notes

Levels and vault maps discovered:
D:1:      dpeg_arrival_pond, layout_basic, serial_glass, glass_columns_c,
          glass_columns_b, glass_columns_a, glass_columns_a, glass_columns_a,
          st_stairs_4
D:2:      minmay_recursive_quarters, layout_loops_ring, uniq_terence
D:3:      kb_forest_paths, layout_loops_ring, serial_shops, shop_fountains
D:4:      layout_basic, ebering_ghost_disaster_area
D:5:      layout_cave_pods, trog_three_pillars_becter, kennysheep_mini_moat,
          serial_shops, shop
D:6:      minmay_skewed_foursquare, layout_rooms
D:7:      layout_basic, nemelex_xobeh_ov_fountains_minmay,
          minmay_temple_entry_mist, serial_shops, shop_statue,
          minmay_fire_ice_demons
D:8:      layout_basic
D:9:      layout_basic, grunt_temple_overflow_gold_and_silver,
          mainiacjoe_overflow_tiny_flanked, mainiacjoe_overflow_catwalk_spiral,
          mainiacjoe_overflow_24_doors
D:10:     layout_cave_pools, kennysheep_little_box
D:11:     layout_loops_ring, due_lair_maze_entry_diamond,
          minmay_gold_behind_fungi
D:12:     layout_roguey, serial_shops, shop, grunt_ministairs_15,
          dancing_weapons_uskayaw
D:13:     layout_roguey, skrybe_vaults_entry_preservation,
          gammafunk_ghost_arena, hellmonk_guarded_unrand_salamander, uniq_nessos
D:14:     layout_irregular_city, hangedman_decor_slide_cut
Temple:   hellmonk_temple_flake
Lair:1:   layout_hall_layers, grunt_forest_large_clearings
Lair:2:   layout_chaotic_city, minmay_swamp_entry_wisps, nicolae_lair_lindhole,
          uniq_gastronok
Lair:3:   layout_gridlike, dummy_spider_entry, chequers_serial_rivers_large_b
Lair:4:   layout_cave_pods, slime_entry_2, portal_ice_cave_entry_ice_simulacra,
          grunt_megastairs_5
Lair:5:   evil_forest, layout_regular_city, serial_rivers,
          chequers_serial_rivers_room_b, chequers_serial_rivers_small_a,
          chequers_serial_rivers_small_3, chequers_serial_rivers_small_3,
          chequers_serial_rivers_marsh, gauntlet_entry_generic,
          ebering_ghost_rock_garden, guppyfry_lair_drakes, serial_bayou_shore_a
Orc:1:    layout_caves, enter_volcano_2
Orc:2:    grunt_orc_gardens, layout_caves, grunt_orc_garden, grunt_orc_garden,
          grunt_orc_garden, grunt_orc_garden, mines2_lemuel
Elf:1:    elf_arrival_002, layout_loops_corners, enter_trove_2, minivault_28,
          lemuel_statue_altar, grunt_megastairs_4, uniq_zenata

Skill      XL: |  1  2  3  4  5  6  7  8  9 10 11 12 13 14 15 |
---------------+----------------------------------------------+-----
Maces & Flails | 2 3 4 5 8 9 11 12 13 14 | 14.3
Fighting       | 3 4 5 6 7 8 10 11 12 | 12.4
Armour         | 4 5 6 7 8 10 12 13 14 16 17 | 17.6
Shields        | 4 5 6 7 9 11 12 14 | 14.8
Stealth        | 1 2 5 6 7 9 |  9.2
Evocations     | 1 2 |  2.4
Throwing       | 1 |  1.0
Dodging        | |  0.7

Action                     |  1- 3 |  4- 6 |  7- 9 | 10-12 | 13-15 | 16-18 || total
---------------------------+-------+-------+-------+-------+-------+-------++-------
  Melee: Flail             |   103 |       |   142 |       |       |       ||   245
         Tailslap          |     8 |    17 |    44 |   129 |   352 |     1 ||   551
         Mace              |     4 |   131 |   167 |       |       |       ||   302
         Whip              |       |       |    82 |   757 |   602 |       ||  1441
         Demon whip        |       |       |       |       |  1069 |       ||  1069
         Morningstar       |       |       |       |       |    37 |     7 ||    44
  Throw: Dart              |       |       |     6 |    15 |     2 |       ||    23
 Invoke: Call Merchant     |       |       |       |       |     4 |       ||     4
         Potion Petition   |       |       |       |       |     2 |       ||     2
  Evoke: Wand              |     1 |       |     9 |     5 |    13 |       ||    28
    Use: Potion            |       |     3 |    10 |     5 |     5 |       ||    23
         Scroll            |       |       |     7 |    11 |    11 |     1 ||    30
   Stab: Paralysed         |     7 |       |    13 |     4 |     6 |       ||    30
         Invisible         |       |       |     5 |       |     6 |       ||    11
         Distracted        |       |       |       |     3 |     8 |       ||    11
         Petrified         |       |       |       |       |    11 |       ||    11
 Armour: Scale mail        |    52 |       |       |       |       |       ||    52
         Chain mail        |     1 |    70 |       |       |       |       ||    71
         Plate armour      |       |    38 |   388 |   357 |   453 |       ||  1236
         Skin              |       |       |    73 |    63 |       |       ||   136
         Crystal plate arm |       |       |       |       |   301 |    10 ||   311
  Dodge: Dodged            |    35 |    52 |   110 |   112 |   204 |     2 ||   515
  Block: Buckler           |    22 |    32 |   121 |    84 |    91 |     4 ||   354
         Kite shield       |       |       |       |   226 |   497 |       ||   723
